 Dungeon Crawl Stone Soup version 0.32-a0-900-g30fb1b0edc (webtiles) character file.

Game seed: 8871989293525151830

345 Lanoc the Shooter (level 6, -12/48 HPs)
             Began as a Coglin Hunter on Apr 5, 2024.
             Was a Follower of Fedhas.
             Mangled by a gnoll
             ... wielding a +0 halberd
             ... led by a gnoll bouda
              (16 damage)
             ... on level 4 of the Dungeon.
             The game lasted 00:02:59 (2119 turns).

Lanoc the Shooter (Coglin Hunter)                   Turns: 2119, Time: 00:03:00

Health: -12/48     AC:  3    Str: 12    XL:     6   Next: 58%
Magic:  6/6        EV: 12    Int:  8    God:    Fedhas [*.....]
Gold:   174        SH:  0    Dex: 19    Spells: 5/5 levels left

rFire   . . .        a - +2 sling {Akal}
rCold   . . .        d - +0 sling {Gottfried}
rNeg    . . .        c - +0 leather armour
rPois   .            (helmet currently unavailable)
rElec   .            (cloak currently unavailable)
rCorr   .            (gloves currently unavailable)
SInv    .            (boots currently unavailable)
Will    .....        (amulet unavailable)
Stlth   ++           (ring unavailable)
HPRegen 0.28/turn    (ring unavailable)
MPRegen 0.10/turn    (no gizmo)

%: no passive effects
@: beast-form, revved
A: beast (slay +0), off-hand wielding, slow wielding, warmup strikes, no
jewellery
a: Invent Gizmo, Begin Untransformation, Renounce Religion


You were on level 4 of the Dungeon.
You worshipped Fedhas.
Fedhas was aware of your devotion.
You were a hulking beast.
You visited 1 branch of the dungeon, and saw 4 of its levels.

You collected 174 gold pieces.

Inventory:

Hand Weapons
 a - a +2 sling (weapon) {Akal}
 d - a +0 sling (offhand) {Gottfried}
Missiles
 t - 6 darts of dispersal
Armour
 c - a +0 leather armour (worn)
 w - a +0 hat
Talismans
 q - a beast talisman (active)
 x - a dragon-blood talisman
Wands
 r - a wand of acid (7)
Scrolls
 b - a scroll of butterflies
 e - 4 scrolls of blinking {unknown}
 g - 2 scrolls of identify {unknown}
 i - a scroll of revelation {unknown}
 m - a scroll of immolation {unknown}
 n - a scroll of teleportation {unknown}
 o - 3 scrolls of torment {unknown}
Potions
 f - 2 potions of haste {unknown}
 h - 2 potions of curing {unknown}
 j - a potion of invisibility {unknown}
 k - a potion of lignification {unknown}
 l - a potion of berserk rage {unknown}
 p - a potion of heal wounds {unknown}
 s - a potion of might {unknown}
 u - 2 potions of attraction {unknown}
 v - a potion of mutation {unknown}


   Skills:
 + Level 3.7 Fighting
 * Level 5.6 Ranged Weapons
 + Level 3.3 Dodging
 - Level 0.7 Stealth


You had 5 spell levels left.
You didn't know any spells.
Your spell library contained the following spells:

 Spells                   Type           Power      Damage    Failure   Level
 Dazzling Flash           Conj/Hex       0%         N/A       86%         3
 Mephitic Cloud           Conj/Alch/Air  0%         N/A       86%         3
 Curse of Agony           Necr           0%         N/A       100%        5
 Silence                  Hex/Air        0%         N/A       100%        5


Dungeon Overview and Level Annotations

Branches:
Dungeon (4/15)
 Temple: D:4-7

Altars:
Fedhas


Innate Abilities, Weirdness & Mutations

You are a hulking beast.
Your limbs bulge with bestial killing power. (Slay +0)
You can wield a second weapon in your off-hand.
It takes a long time for you to wield or remove held weapons.
Your first few attacks do less damage.
You cannot equip rings or amulets.


Message History

The gnoll hits you from afar with a +0 halberd!
Fire: a) +2 sling {Akal}
Press: ? - help, Q - select action, (/) - cycle Shift-Dir - straight line, f/p - gnoll
Aim: a gnoll, wielding a +0 club (moderately wounded, 68% to hit)
You shoot a sling bullet. The sling bullet hits the gnoll.
The gnoll is heavily wounded.
You shoot a sling bullet. The sling bullet hits the gnoll.
The gnoll is severely wounded.
The gnoll closely misses you. x2
Fire: a) +2 sling {Akal}
Press: ? - help, Q - select action, (/) - cycle Shift-Dir - straight line, f/p - gnoll
Aim: a gnoll, wielding a +0 club (severely wounded, 68% to hit)
You shoot a sling bullet. The sling bullet hits the gnoll.
The gnoll is almost dead.
You shoot a sling bullet. The sling bullet hits the gnoll.
The gnoll is almost dead.
The gnoll hits you with a +0 club. The gnoll barely misses you.
Fire: a) +2 sling {Akal}
Press: ? - help, Q - select action, (/) - cycle Shift-Dir - straight line, f/p - gnoll
Aim: a gnoll, wielding a +0 club (almost dead, 68% to hit)
You shoot a sling bullet. The sling bullet hits the gnoll.
You kill the gnoll!
Fedhas appreciates your contribution to the ecosystem.
You shoot a sling bullet.
The sling bullet closely misses the iguana.
The gnoll closely misses you.
Fire: a) +2 sling {Akal}
Press: ? - help, Q - select action, (/) - cycle Shift-Dir - straight line, f - gnoll
Aim: a gnoll, wielding a +0 halberd (68% to hit)
You shoot a sling bullet.
The sling bullet closely misses the iguana.
The sling bullet barely misses the gnoll.
You shoot a sling bullet.
The sling bullet hits the iguana but does no damage.
The iguana is severely wounded.
The iguana bites you!
* * * LOW HITPOINT WARNING * * *
The gnoll hits you from afar with a +0 halberd!
You die...
Fedhas appreciates your contribution to the ecosystem.

....)...... ...<.......
.########## . .# .. .## ...
..###### )...
#......########## ##..#
##..............#########.))#
#..............hl.......)#
#.###############g......##
### #########


You could see an iguana and a gnoll.

Vanquished Creatures
  An ice beast (D:4)
  A bombardier beetle (D:3)
  A gnoll bouda (D:4)
  Robin (D:2)
  6 adders
  4 gnolls (D:4)
  3 ribbon worms
  An orc (D:3)
  5 ball pythons
  4 bats (D:1)
  3 endoplasms
  5 giant cockroaches
  12 goblins
  13 hobgoblins
  5 kobolds
  3 quokkas
  3 frilled lizards
  8 rats
79 creatures vanquished.

Notes
Turn   | Place    | Note
-------+----------+-------------------------------------------
     0 | D:1      | Lanoc the Coglin Hunter began the quest for the Orb.
     0 | D:1      | Reached XP level 1. HP: 16/16 MP: 1/1
    82 | D:1      | Reached XP level 2. HP: 22/22 MP: 2/2
   224 | D:1      | Reached skill level 4 in Ranged Weapons
   259 | D:1      | Reached XP level 3. HP: 28/28 MP: 3/3
   750 | D:2      | Noticed Robin
   755 | D:2      | Killed Robin
   756 | D:2      | Reached XP level 4. HP: 10/34 MP: 4/4
   936 | D:2      | Found a blossoming altar of Fedhas.
   950 | D:2      | Became a worshipper of Fedhas Madash
  1261 | D:3      | Reached XP level 5. HP: 41/41 MP: 5/5
  1618 | D:3      | Reached skill level 5 in Ranged Weapons
  1971 | D:4      | Reached * piety under Fedhas
  1973 | D:4      | Noticed an ice beast
  1983 | D:4      | Killed an ice beast
  1984 | D:4      | Reached XP level 6. HP: 32/47 MP: 6/6
  2119 | D:4      | Mangled by a gnoll

Illustrated notes

Levels and vault maps discovered:
D:1:      lordsloth_arrival_two_stooges, layout_rooms
D:2:      layout_rooms, basic_altar, uniq_robin
D:3:      layout_basic, serial_glass, glass_columns_b, glass_columns_c
D:4:      layout_cave_pods, minmay_temple_entry_grid

Skill      XL: |  1  2  3  4  5 |
---------------+----------------+-----
Dodging        | 2 3 |  3.3
Ranged Weapons | 4 5 |  5.6
Fighting       | 3 |  3.7
Stealth        | |  0.7

Action                     |  1- 3 |  4- 6 || total
---------------------------+-------+-------++-------
   Fire: Sling             |   160 |   214 ||   374
 Armour: Leather armour    |    16 |    25 ||    41
  Dodge: Dodged            |    13 |    31 ||    44
   Form: Beast             |       |     1 ||     1

Table legend: (Time is in decaauts)
 A = Elapsed time spent in this place.
 B = Non-inter-level travel time spent in this place.
 C = Inter-level travel time spent in this place.
 D = Time resting spent in this place.
 E = Time spent auto-exploring this place.
 F = Levels seen in this place.
 G = Mean time per level.
                   A        B        C        D        E       F      G
               +--------+--------+--------+--------+--------+-----+--------+
         Total |   2158 |   2119 |     39 |      0 |   1740 |   4 |  539.5 |
       Dungeon |   2158 |   2119 |     39 |      0 |   1740 |   4 |  539.5 |
               +--------+--------+--------+--------+--------+-----+--------+

Top non-repeatable levels by time:
     D:3: 871 daAuts
     D:2: 694 daAuts
     D:1: 435 daAuts
     D:4: 157 daAuts
